 Dungeon Crawl Stone Soup version 0.29.0-4-gdea44cf6ec (webtiles) character file.

Game seed: 5851637434701882643

380 qw the Chopper (level 6, -4/36 HPs)
             Began as a Tengu Warper on Aug 28, 2022.
             Slain by an iguana (7 damage)
             ... on level 4 of the Dungeon.
             The game lasted 00:00:20 (3529 turns).

qw the Chopper (Tengu Warper)                       Turns: 3529, Time: 00:00:21

Health: -4/36      AC:  6    Str: 13    XL:     6   Next: 75%
Magic:  10/10      EV: 13    Int: 13    God:
Gold:   75         SH:  0    Dex: 14    Spells: 9/9 levels left

rFire   . . .      SeeInvis .   Y - +0 hand axe
rCold   . . .      Faith    .   (no shield)
rNeg    . . .      Spirit   .   a - +0 ring mail
rPois   .          Reflect  .   (helmet restricted)
rElec   .          Harm     .   (no cloak)
rCorr   .          Rampage  .   f - +0 pair of gloves
Will    .....                   (boots unavailable)
Stlth   +.........              (no amulet)
HPRegen 0.12/turn               (no ring)
MPRegen 0.12/turn               (no ring)

@: flying quickly and evasively, quick
A: beak, talons 3, nimble flight
a: no special abilities


You were on level 4 of the Dungeon.
You visited 1 branch of the dungeon, and saw 4 of its levels.

You collected 207 gold pieces.
You spent 132 gold pieces at shops.


Innate Abilities, Weirdness & Mutations

You have a beak for a mouth.
You have claws for feet.
Your magical nature lets you fly swiftly and evasively.


   Skills:
 + Level 2.7 Fighting
 - Level 7.3 Axes
 - Level 1.0 Throwing
 - Level 1.1 Armour
 - Level 2.1 Dodging
 - Level 2.0 Spellcasting
 - Level 2.4 Translocations


You had 9 spell levels left.
You didn't know any spells.
Your spell library contained the following spells:

 Spells                   Type           Power      Damage    Failure   Level
 Blink                    Tloc           14%        N/A       30%         2
 Gell's Gravitas          Tloc           7%         N/A       52%         3
 Lesser Beckoning         Tloc           7%         N/A       52%         3
 Teleport Other           Tloc           7%         N/A       52%         3
 Manifold Assault         Tloc           7%         N/A       99%         5

Inventory:

Hand Weapons
 b - a +0 flail
 Y - a +0 hand axe (weapon)
Armour
 a - a +0 ring mail (worn)
 d - a +0 cloak
 f - a +0 pair of gloves (worn)
Scrolls
 i - 4 scrolls of identify
Potions
 c - 5 potions of curing
 g - 2 potions of cancellation
 k - a potion of degeneration {unknown}
 l - a potion of resistance {unknown}

Dungeon Overview and Level Annotations

Branches:
Dungeon (4/15)
 Temple: D:4-7

Altars:

Shops:
D:2 (!=[


Message History

The orc is almost dead.
You miss something.
An orc wizard appears from thin air!
Reactivating autopickup.
The orc wizard closely misses you. The orc completely misses you.
You closely miss the orc. You peck the orc.
You kill the orc!
You hit the orc wizard. You hit the iguana but do no damage.
The iguana misses you. The orc wizard misses you.
You barely miss the orc wizard. Your peck misses the orc wizard.
The orc wizard is heavily wounded.
You closely miss the iguana. You completely miss the orc.
The orc wizard hits you but does no damage.
The iguana bites you! The orc barely misses you.
You hit the orc wizard but do no damage.
Your kick misses the orc wizard. You peck the orc wizard.
The orc wizard is severely wounded.
You closely miss the orc. You hit the iguana. The iguana barely misses you.
The orc barely misses you.
The orc wizard gestures at you while chanting.
The puff of flame hits you!
You hit the orc wizard. You claw the orc wizard.
You kill the orc wizard!
You closely miss the iguana. You hit the orc. The orc barely misses you.
The iguana misses you.
You hit the iguana but do no damage. You claw the iguana.
Your punch misses the iguana.
The iguana is lightly wounded.
You hit the orc but do no damage. The orc hits you but does no damage.
The iguana bites you but does no damage.
You hit the iguana. You claw the iguana.
The iguana is severely wounded.
You hit the orc. The iguana bites you. The orc barely misses you.
You hit the iguana. You peck the iguana, but do no damage.
The iguana is severely wounded.
You closely miss the orc. The orc hits you with a +0 flail.
The iguana bites you!
You die...

##.#.^....# ###
#.#.#.##.# ##.## #
##........# ##.#.## #7
##.....#..#
##.###.#####~
###....#..# #.##
##.o.o.l # #...##..#
#########.###.###### #
#.......#
#.........o#.## # #
#......## #...o.#####.##
#
##...#######..@)....####
# #.........#...l.##.#
####...#####.#........#
......)......#.#..##..#
. .................>#
.... .#
...>....###..#....# ##..
#. ####...## ##.#..### .
# #...# #.#.... #..##
####....


You could see an iguana and an orc.

Vanquished Creatures
  A black bear (D:4)
  A phantom (D:4)
  An iguana (D:4)
  2 orc wizards (D:4)
  Robin (D:4)
  4 adders
  3 gnolls (D:3)
  3 dart slugs
  An orc (D:4)
  3 endoplasms
  3 giant cockroaches
  13 goblins
  11 hobgoblins
  A quokka (D:2)
  3 ball pythons
  4 bats
  3 frilled lizards (D:1)
  7 kobolds
  5 rats
70 creatures vanquished.

Notes
Turn   | Place    | Note
-------+----------+-------------------------------------------
     0 | D:1      | qw the Tengu Warper began the quest for the Orb.
     0 | D:1      | Reached XP level 1. HP: 12/12 MP: 4/4
     0 | D:1      | 0 ||| qw: Version: 0.1-a-89-g26bdef1
     0 | D:1      | 0 ||| qw: Game counter: 791
     0 | D:1      | 0 ||| qw: Always use a shield: true
     0 | D:1      | 0 ||| qw: God list: Okawaru
     0 | D:1      | 0 ||| qw: Allow faded altars: false
     0 | D:1      | 0 ||| qw: Do Orc after D:15 true
     0 | D:1      | 0 ||| qw: Do second Lair branch before Depths: true
     0 | D:1      | 0 ||| qw: Lair rune preference: random
     0 | D:1      | 0 ||| qw: Plans: Normal
     0 | D:1      | 0 ||| PLANNING D:1-11
   100 | D:1      | Reached skill level 3 in Axes
   100 | D:1      | Reached XP level 2. HP: 17/17 MP: 6/6
   236 | D:1      | 236 ||| Stepping ~*~*~tactically~*~*~ (stealth).
   237 | D:1      | 237 ||| Stepping ~*~*~tactically~*~*~ (stealth).
   404 | D:1      | 404 ||| Stepping ~*~*~tactically~*~*~ (stealth).
   630 | D:1      | 630 ||| DROPPING orb of energy.
   631 | D:1      | 631 ||| READING scroll labelled WOMMAZXADA.
   632 | D:1      | 632 ||| READING 3 scrolls labelled GUOCIZ QUDAXT.
   633 | D:1      | 633 ||| READING scroll labelled UFICRA CUIBBYNN.
   634 | D:1      | 634 ||| DRINKING 2 viscous inky potions.
   735 | D:1      | 735 ||| READING 2 scrolls of identify.
   735 | D:1      | 735 ||| IDENTIFYING purple potion
   736 | D:1      | 736 ||| DROPPING scroll of blinking.
   737 | D:1      | 737 ||| DROPPING potion of ambrosia.
   765 | D:2      | Found Settyg's Jewellery Shop.
   773 | D:2      | Reached XP level 3. HP: 21/21 MP: 7/7
   780 | D:2      | 780 ||| SHOPLISTING +4 ring of protection (432 gold, have
                  | 61).
   780 | D:2      | 780 ||| SHOPLISTING ring "Caod" {rF+ EV+4 Int+4 Dex+4} (801
                  | gold, have 61).
   780 | D:2      | 780 ||| SHOPLISTING ring of fire (300 gold, have 61).
   780 | D:2      | 780 ||| SHOPLISTING ring of resist corrosion (240 gold,
                  | have 61).
   780 | D:2      | 780 ||| SHOPLISTING ring of see invisible (180 gold, have
                  | 61).
   780 | D:2      | 780 ||| SHOPLISTING ring of willpower (300 gold, have 61).
   807 | D:2      | Reached skill level 4 in Axes
   817 | D:2      | Found Porrugy's Weapon Shop.
   866 | D:2      | 866 ||| Stepping ~*~*~tactically~*~*~ (stealth).
   868 | D:2      | 868 ||| Stepping ~*~*~tactically~*~*~ (stealth).
   886 | D:2      | 886 ||| Stepping ~*~*~tactically~*~*~ (stealth).
   887 | D:2      | 887 ||| Stepping ~*~*~tactically~*~*~ (stealth).
   888 | D:2      | 888 ||| Stepping ~*~*~tactically~*~*~ (stealth).
   890 | D:2      | 890 ||| Stepping ~*~*~tactically~*~*~ (stealth).
   906 | D:2      | 906 ||| Stepping ~*~*~tactically~*~*~ (stealth).
   944 | D:2      | 944 ||| Stepping ~*~*~tactically~*~*~ (stealth).
  1033 | D:2      | Found Sogic's Antique Armour Shoppe.
  1092 | D:2      | Found Ubbu's Antique Armour Shoppe.
  1095 | D:2      | 1095 ||| SHOPLISTING cloak (121 gold, have 93).
  1095 | D:2      | 1095 ||| SHOPLISTING glowing scale mail (189 gold, have
                  | 93).
  1095 | D:2      | 1095 ||| SHOPLISTING pair of gloves (121 gold, have 93).
  1095 | D:2      | 1095 ||| SHOPLISTING runed robe (99 gold, have 93).
  1477 | D:2      | Found Oxkuinut's Distillery.
  1482 | D:2      | 1482 ||| BUYING potion of cancellation (96 gold).
  1482 | D:2      | Bought a potion of cancellation for 96 gold pieces
  1482 | D:2      | 1482 ||| BUYING potion of curing (36 gold).
  1482 | D:2      | Bought a potion of curing for 36 gold pieces
  1482 | D:2      | 1482 ||| SHOPLISTING potion of curing (36 gold, have 3).
  1482 | D:2      | 1482 ||| SHOPLISTING potion of might (48 gold, have 3).
  1730 | D:2      | 1730 ||| UPGRADING to +0 ring mail.
  1740 | D:2      | 1740 ||| DROPPING +0 leather armour.
  1741 | D:2      | 1741 ||| UPGRADING to +0 pair of gloves.
  1746 | D:2      | 1746 ||| DRINKING 2 fuming coppery potions.
  1747 | D:2      | 1747 ||| DRINKING 3 murky coppery potions.
  1748 | D:2      | 1748 ||| READING 2 scrolls of identify.
  1748 | D:2      | 1748 ||| IDENTIFYING fuming inky potion
  1749 | D:2      | 1749 ||| DROPPING potion of attraction.
  1750 | D:2      | 1750 ||| DROPPING 2 potions of flight.
  1751 | D:2      | 1751 ||| DROPPING potion of berserk rage.
  1796 | D:3      | 1796 ||| Stepping ~*~*~tactically~*~*~ (stealth).
  1810 | D:3      | 1810 ||| Stepping ~*~*~tactically~*~*~ (stealth).
  1816 | D:3      | 1816 ||| Stepping ~*~*~tactically~*~*~ (stealth).
  1878 | D:3      | 1878 ||| Stepping ~*~*~tactically~*~*~ (stealth).
  1950 | D:3      | Reached XP level 4. HP: 26/26 MP: 8/8
  2148 | D:3      | Reached skill level 5 in Axes
  2559 | D:4      | Noticed a black bear
  2570 | D:4      | Killed a black bear
  2571 | D:4      | Reached skill level 6 in Axes
  2571 | D:4      | Gained mutation: Your magical nature lets you fly swiftly
                  | and evasively. [Tengu growth]
  2571 | D:4      | Reached XP level 5. HP: 17/30 MP: 9/9
  2778 | D:4      | 2778 ||| Stepping ~*~*~tactically~*~*~ (stealth).
  2785 | D:4      | 2785 ||| Stepping ~*~*~tactically~*~*~ (stealth).
  2790 | D:4      | Noticed Robin
  2791 | D:4      | 2791 ||| Stepping ~*~*~tactically~*~*~ (stealth).
  2793 | D:4      | 2793 ||| Stepping ~*~*~tactically~*~*~ (hiding).
  2796 | D:4      | 2796 ||| Stepping ~*~*~tactically~*~*~ (hiding).
  2797 | D:4      | 2797 ||| Stepping ~*~*~tactically~*~*~ (hiding).
  2798 | D:4      | 2798 ||| Stepping ~*~*~tactically~*~*~ (hiding).
  2808 | D:4      | Killed Robin
  2809 | D:4      | Reached XP level 6. HP: 19/35 MP: 10/10
  2980 | D:4      | 2980 ||| Stepping ~*~*~tactically~*~*~ (hiding).
  3112 | D:4      | 3112 ||| DROPPING +0 whip.
  3395 | D:4      | 3395 ||| Stepping ~*~*~tactically~*~*~ (stealth).
  3405 | D:4      | Reached skill level 7 in Axes
  3475 | D:4      | 3475 ||| Stepping ~*~*~tactically~*~*~ (hiding).
  3494 | D:4      | 3494 ||| FLEEEEING.
  3495 | D:4      | 3495 ||| FLEEEEING.
  3496 | D:4      | 3496 ||| FLEEEEING.
  3497 | D:4      | 3497 ||| FLEEEEING.
  3498 | D:4      | 3498 ||| FLEEEEING.
  3499 | D:4      | 3499 ||| FLEEEEING.
  3501 | D:4      | 3501 ||| FLEEEEING.
  3502 | D:4      | 3502 ||| FLEEEEING.
  3503 | D:4      | 3503 ||| FLEEEEING.
  3504 | D:4      | 3504 ||| FLEEEEING.
  3506 | D:4      | 3506 ||| FLEEEEING.
  3511 | D:4      | 3511 ||| FLEEEEING.
  3512 | D:4      | 3512 ||| FLEEEEING.
  3515 | D:4      | 3515 ||| DRINKING 6 potions of curing.
  3515 | D:4      | 3515 ||| (to cure confusion)
  3528 | D:4      | HP: 7/36 [iguana (6)]
  3529 | D:4      | HP: 3/36 [orc/+0 flail (4)]
  3529 | D:4      | Slain by an iguana

Levels and vault maps discovered:
D:1:      dpeg_arrival_shelter, layout_rooms, st_stairs_4
D:2:      layout_loops_ring, serial_shops, shop, nicolae_shop_trees,
          nicolae_shop_waterfront, nicolae_shop_behind_doors, shop,
          minmay_fractal_squares_gapless_5
D:3:      layout_loops_ring, hex_large
D:4:      layout_loops_cross, chequers_temple_overflow_minitemple,
          serial_bayou_pond_e, uniq_duvessa, uniq_robin

Skill      XL: |  1  2  3  4  5  6 |
---------------+-------------------+-----
Axes           | 3 4 6 7 |  7.3
Fighting       | |  2.7
Throwing       | |  1.0
Armour         | |  1.1
Dodging        | |  2.1
Spellcasting   | |  2.0
Translocations | |  2.4

Action                   |  1- 3 |  4- 6 || total
-------------------------+-------+-------++-------
Melee: Hand axe          |   105 |   100 ||   205
       Kick              |    16 |    38 ||    54
       Peck              |    11 |    12 ||    23
       Punch             |     1 |       ||     1
Throw: Boomerang         |     7 |       ||     7
  Use: Scroll            |     5 |       ||     5
       Potion            |     3 |     1 ||     4
Armor: Leather armour    |    25 |       ||    25
       Ring mail         |     3 |    37 ||    40
Dodge: Dodged            |    49 |    47 ||    96

Table legend:
 A = Non-vault XP
 B = Vault XP
 C = Vault XP percentage of total XP
 D = Non-vault monster count
 E = Vault monster count
 F = Vault count percentage of total count
                 A         B        C        D         E       F
            +---------+---------+-------+---------+---------+-------
      Total |     497 |      46 |   8.5 |      51 |      19 |  27.1
            +---------+---------+-------+---------+---------+-------
        D:1 |      28 |       2 |   6.7 |      17 |       2 |  10.5
        D:2 |      33 |       7 |  17.5 |      13 |       4 |  23.5
        D:3 |      72 |       0 |   0.0 |      12 |       0 |   0.0
        D:4 |     364 |      37 |   9.2 |       9 |      13 |  59.1
            +---------+---------+-------+---------+---------+-------
